 Dungeon Crawl Stone Soup version 0.30-a0-170-g85af917532 (webtiles) character file.

Game seed: 723348461100093750

106 qw the Chopper (level 4, -4/28 HPs)
             Began as a Gargoyle Fighter on Oct 1, 2022.
             Slain by a gnoll
             ... wielding a +0 halberd
              (7 damage)
             ... on level 2 of the Dungeon.
             The game lasted 00:00:34 (1500 turns).

qw the Chopper (Gargoyle Fighter)                   Turns: 1500, Time: 00:00:34

Health: -4/28      AC: 10    Str: 21    XL:     4   Next: 84%
Magic:  4/4        EV:  9    Int:  9    God:
Gold:   112        SH:  4    Dex:  9    Spells: 3/3 levels left

rFire   . . .      SeeInvis .    Y - +0 war axe
rCold   . . .      Faith    .    c - +0 buckler
rNeg    + . .      Spirit   .    b - +0 scale mail
rPois   inf        Reflect  .    (no helmet)
rElec   +          Harm     .    (no cloak)
rCorr   .          Rampage  .    (no gloves)
Will    .....                    (no boots)
Stlth   ..........               (no amulet)
HPRegen 0.09/turn                (no ring)
MPRegen 0.09/turn                (no ring)

@: about to teleport
A: sickness immunity, AC +3, negative energy resistance 1, electricity
resistance, torment resistance 1, petrification resistance
a: no special abilities


You were on level 2 of the Dungeon.
You visited 1 branch of the dungeon, and saw 2 of its levels.

You collected 112 gold pieces.


Innate Abilities, Weirdness & Mutations

You are immune to sickness and miasma.
Your stone body is resilient. (AC +3)
You are immune to poison.
You resist negative energy. (rN+)
You are resistant to electric shocks. (rElec)
You are resistant to unholy torment.
You are immune to petrification.


   Skills:
 - Level 3.2 Fighting
 + Level 4.4 Axes
 - Level 3.2 Armour
 - Level 3.2 Shields


You had 3 spell levels left.
You didn't know any spells.
Your spell library was empty.

Inventory:

Hand Weapons
 m - a +0 flail
 Y - a +0 war axe (weapon)
Armour
 b - a +0 scale mail (worn)
 c - a +0 buckler (worn)
Jewellery
 f - a ring of flight
 j - a ring of wizardry
Scrolls
 a - a scroll of brand weapon {unknown}
 g - a scroll of identify
 k - a scroll of noise {unknown}
Potions
 d - a potion of might
 e - a potion of curing
 i - a potion of brilliance {unknown}

Dungeon Overview and Level Annotations

Branches:
Dungeon (2/15)

Altars:
Dithmenos


Message History

Enter note: You slash the endoplasm!
You kill the endoplasm!
You now have 112 gold pieces (gained 7).
Found a club.
Found Great Wizards, Vol.
VII.
Found a stone staircase leading up.
Enter note:
Enter note:
Enter note:
Enter note: A hobgoblin comes into view.
The hobgoblin shouts!
You hear a shout!
You slash the hobgoblin!
You kill the hobgoblin!
A rat comes into view.
You closely miss the rat. The rat bites you but does no damage.
You slash the rat!
You kill the rat!
There is a stone staircase leading up here.
k - a scroll labelled ZUSORIXENT An endoplasm comes into view.
1494 ||| Stepping ~*~*~tactically~*~*~ (stealth).
An endoplasm and 3 gnolls come into view.
The endoplasm quivers.
The gnoll shouts!
The gnoll completely misses you. The endoplasm hits you.
1496 ||| Stepping ~*~*~tactically~*~*~ (hiding).
The endoplasm attacks as you move away! The endoplasm closely misses you.
You slash the endoplasm!
You kill the endoplasm!
The gnoll hits you with a +0 spear.
You hit the gnoll but do no damage.
The gnoll hits you from afar with a +0 halberd!
The gnoll hits you with a +0 spear!
1500 ||| READING scroll of teleportation.
As you read the scroll of teleportation, it crumbles to dust.
You feel strangely unstable.
The gnoll hits you from afar with a +0 halberd!
You die...

...#.###.......#.######
...#.#.........'........
...#...#.#.#...########.
...#..##.#.[.....#
.......#.#.......+
......^#.#.......# .#
.......#.#..##########...####
'#.....#.#..# #.ggg.........
.#.....#.#..####@#####......
.....###.#...........#.....
..>......................#
.....###.#..###..._.%##..#
..#### #.##.#
#.........:###### ..#
####'##.# #......#.........
..# #.....#.#
#..#......######.# ..#
#.....#.# #..<#%...........#
..#
#.....#.####.#....#..#######.


You could see 3 gnolls.

Vanquished Creatures
  Natasha (twice) (D:2)
  2 adders (D:2)
  2 worms (D:2)
  4 ball pythons
  A bat (D:1)
  4 endoplasms (D:2)
  5 goblins
  6 hobgoblins
  2 jackals (D:2)
  2 kobolds
  5 rats
35 creatures vanquished.

Notes
Turn   | Place    | Note
-------+----------+-------------------------------------------
     0 | D:1      | qw the Gargoyle Fighter began the quest for the Orb.
     0 | D:1      | Reached XP level 1. HP: 14/14 MP: 1/1
     0 | D:1      | 0 ||| qw: Version: 0.2-a-13-gfc7b4b4
     0 | D:1      | 0 ||| qw: Game counter: 1729
     0 | D:1      | 0 ||| qw: Always use a shield: true
     0 | D:1      | 0 ||| qw: God list: Okawaru
     0 | D:1      | 0 ||| qw: Allow faded altars: false
     0 | D:1      | 0 ||| qw: Do Orc after D:15 true
     0 | D:1      | 0 ||| qw: Do second Lair branch before Depths: true
     0 | D:1      | 0 ||| qw: Lair rune preference: random
     0 | D:1      | 0 ||| qw: Plans: Normal, Zot:1-4, God:TSO, Crypt, Tomb,
                  | Pan, Slime:5, Hells, Abyss, Orb
     0 | D:1      | 0 ||| PLANNING D:1-11
    90 | D:1      | Found a faded altar of an unknown god.
    94 | D:1      | Reached skill level 2 in Axes
   203 | D:1      | 203 ||| Stepping ~*~*~tactically~*~*~ (stealth).
   239 | D:1      | Reached XP level 2. HP: 19/19 MP: 2/2
   468 | D:1      | 468 ||| DROPPING +0 club.
   811 | D:1      | 811 ||| READING scroll labelled SOS HUSU UCRAO.
   812 | D:1      | 812 ||| READING 5 scrolls labelled NEYSYK OSIKU.
   813 | D:1      | 813 ||| READING 2 scrolls labelled MAR BUSARUA.
   814 | D:1      | 814 ||| READING scroll labelled XUDOEV ZUCE.
   819 | D:1      | 819 ||| READING 4 scrolls of identify.
   819 | D:1      | 819 ||| IDENTIFYING inky potion
   820 | D:1      | 820 ||| READING 3 scrolls of identify.
   820 | D:1      | 820 ||| IDENTIFYING brown potion
   821 | D:1      | 821 ||| READING 2 scrolls of identify.
   821 | D:1      | 821 ||| IDENTIFYING sedimented dark potion
   822 | D:1      | 822 ||| DROPPING potion of flight.
   823 | D:1      | 823 ||| DROPPING potion of ambrosia.
   824 | D:1      | 824 ||| DROPPING scroll of butterflies.
   843 | D:2      | 843 ||| Stepping ~*~*~tactically~*~*~ (stealth).
   847 | D:2      | 847 ||| FLEEEEING.
   848 | D:2      | 848 ||| FLEEEEING.
   849 | D:2      | 849 ||| STAIRDANCE
   851 | D:2      | 851 ||| STAIRDANCE
   958 | D:2      | Noticed Natasha
   959 | D:2      | 959 ||| Stepping ~*~*~tactically~*~*~ (hiding).
   964 | D:2      | Killed Natasha
   965 | D:2      | Reached skill level 3 in Axes
   965 | D:2      | Reached XP level 3. HP: 21/23 MP: 3/3
  1142 | D:2      | Reached XP level 4. HP: 21/28 MP: 4/4
  1231 | D:2      | Noticed Natasha
  1232 | D:2      | 1232 ||| Stepping ~*~*~tactically~*~*~ (hiding).
  1241 | D:2      | Killed Natasha
  1242 | D:2      | Reached skill level 4 in Axes
  1278 | D:2      | Found a shadowy altar of Dithmenos.
  1494 | D:2      | 1494 ||| Stepping ~*~*~tactically~*~*~ (stealth).
  1496 | D:2      | 1496 ||| Stepping ~*~*~tactically~*~*~ (hiding).
  1499 | D:2      | HP: 3/28 [gnoll/+0 spear (7)]
  1500 | D:2      | 1500 ||| READING scroll of teleportation.
  1500 | D:2      | Slain by a gnoll

Levels and vault maps discovered:
D:1:      minmay_arrival_split_and_join, layout_basic,
          shapermc_ecumenical_altar_venn
D:2:      kennysheep_the_goblin_king, layout_basic, basic_altar,
          uniq_crazy_yiuf_cottage, uniq_natasha

Skill      XL: |  1  2  3  4 |
---------------+-------------+-----
Axes           | 2 3 4 |  4.4
Fighting       | |  3.2
Armour         | |  3.2
Shields        | |  3.2

Action                   |  1- 3 |  4- 6 || total
-------------------------+-------+-------++-------
Melee: War axe           |    64 |    26 ||    90
  Use: Scroll            |     7 |     1 ||     8
Armor: Scale mail        |    35 |     5 ||    40
Dodge: Dodged            |    24 |     8 ||    32
Block: Buckler           |    11 |     2 ||    13

Table legend:
 A = Non-vault XP
 B = Vault XP
 C = Vault XP percentage of total XP
 D = Non-vault monster count
 E = Vault monster count
 F = Vault count percentage of total count
                 A         B        C        D         E       F
            +---------+---------+-------+---------+---------+-------
      Total |     119 |      33 |  21.7 |      34 |       1 |   2.9
            +---------+---------+-------+---------+---------+-------
        D:1 |      22 |       0 |   0.0 |      14 |       0 |   0.0
        D:2 |      97 |      33 |  25.4 |      20 |       1 |   4.8
            +---------+---------+-------+---------+---------+-------
